 Dungeon Crawl Stone Soup version 0.30-a0-322-g102857c98e (webtiles) character file.

Game seed: 7806272904109858605

406 jlumianski the Chopper (level 6, -1/72 HPs)
             Began as a Demonspawn Fighter on Oct 27, 2022.
             Slain by an ogre
             ... wielding a +0 giant spiked club
              (18 damage)
             ... on level 5 of the Dungeon.
             The game lasted 00:13:29 (3322 turns).

jlumianski the Chopper (Demonspawn Fighter)         Turns: 3322, Time: 00:13:30

Health: -1/72      AC: 10    Str: 18    XL:     6   Next: 56%
Magic:  6/6        EV:  7    Int:  9    God:
Gold:   1189       SH:  4    Dex: 13    Spells: 5/5 levels left

rFire   . . .      SeeInvis .    a - +0 war axe
rCold   . . .      Faith    .    c - +0 buckler
rNeg    . . .      Spirit   .    e - +0 chain mail
rPois   .          Reflect  .    (helmet restricted)
rElec   .          Harm     .    (no cloak)
rCorr   .          Rampage  .    i - +0 pair of gloves
Will    .....                    (no boots)
Stlth   ..........               (no amulet)
HPRegen 0.32/turn                (no ring)
MPRegen 0.10/turn                (no ring)

@: berserking, very quick
A: hooves 1, horns 1, demonic guardian 1, foul stench 1
a: no special abilities


You were on level 5 of the Dungeon.
You visited 2 branches of the dungeon, and saw 7 of its levels.

You collected 1189 gold pieces.

Inventory:

Hand Weapons
 a - a +0 war axe (weapon)
Armour
 b - a +0 scale mail
 c - a +0 buckler (worn)
 e - a +0 chain mail (worn)
 i - a +0 pair of gloves (worn)
Jewellery
 h - a ring of protection from cold
 j - a ring of willpower
Scrolls
 k - a scroll of magic mapping
 l - a scroll of teleportation
Potions
 g - a potion of berserk rage
 o - a potion of curing {unknown}
 p - a potion of heal wounds {unknown}
 q - a potion of cancellation


   Skills:
 + Level 3.9 Fighting
 + Level 4.5 Axes
 + Level 4.3 Armour
 + Level 0.3 Dodging
 + Level 0.1 Stealth
 + Level 3.1 Shields


You had 5 spell levels left.
You didn't know any spells.
Your spell library contained the following spells:

 Spells                   Type           Power      Damage    Failure   Level
 Ensorcelled Hibernation  Hex/Ice        0%         N/A       100%        2
 Spider Form              Tmut/Pois      0%         N/A       100%        3
 Anguish                  Hex/Necr       0%         N/A       100%        4


Dungeon Overview and Level Annotations

Branches:
Dungeon (6/15)             Temple (1/1) D:6

Altars:
Cheibriados
Dithmenos
Fedhas
Gozag
Hepliaklqana
Kikubaaqudgha
Makhleb
Okawaru
Ru
Sif Muna
Trog
Uskayaw
Wu Jian
Xom
Yredelemnul

Shops:
D:1 [

Annotations:
D:5 Edmund


Innate Abilities, Weirdness & Mutations

You have large cloven feet.
You have a pair of small horns on your head.
A weak demonic guardian rushes to your aid.
You may rarely emit foul miasma when damaged in melee.


Message History

Found 4 stones.
Found a stone staircase leading up.
An orc priest and a bullfrog come into view.
Found a rapier.
The bullfrog croaks.
You hear a shout! x2
The orc priest moves out of view.
An orc comes into view. It is wielding a +0 trident.
You slash the bullfrog! You kick the bullfrog.
The bullfrog is severely wounded.
The bullfrog hits you. The bullfrog completely misses you.
An orc comes into view.
It is wielding a +2 short sword of draining.
An orc priest comes into view. It is wielding a +0 hand axe.
The orc priest shouts!
The bullfrog hits you but does no damage. x2
The orc priest mumbles some strange prayers to Beogh against you.
Beogh smites you!
An orc wizard comes into view. It is wielding a +0 dagger.
The orc priest mumbles some strange prayers to Beogh against you.
Beogh smites you! The bullfrog attacks as you move away!
The bullfrog closely misses you.
There is a stone staircase leading up here.
The bullfrog hits you. x2
You climb upwards.
Level annotation: Edmund
Found 18 gold pieces.
There is a stone staircase leading down here.
You closely miss the bullfrog. Your headbutt misses the bullfrog.
The bullfrog is severely wounded.
The bullfrog hits you but does no damage.
You hit the bullfrog. You headbutt the bullfrog.
You kill the bullfrog!
An ogre comes into view. It is wielding a +0 giant spiked club.
The ogre closely misses you.
You hit the ogre.
The ogre is lightly wounded.
The ogre hits you with a +0 giant spiked club!
* * * LOW HITPOINT WARNING * * *
A red film seems to cover your vision as you go berserk!
You feel yourself moving faster!
You feel mighty!
The ogre hits you with a +0 giant spiked club!!
You die...

.... .... ..... ##.. ..
... . ..# # ##.# #.
############..# ..###
#..O@........###.#...
.............>..........
..######................
##+##...........#
#...........#
#...........#
#............
#........<...
##...........#


You could see an ogre.

Vanquished Creatures
  A phantom (D:6)
  A bullfrog (D:5)
  A jelly (D:6)
  Jessica (D:3)
  Natasha (D:3)
  2 orc wizards
  5 adders
  A dart slug (D:2)
  3 worms
  8 orcs
  7 ball pythons
  4 endoplasms
  A giant cockroach (D:2)
  4 goblins
  4 hobgoblins
  2 quokkas
  5 bats
  3 frilled lizards (D:1)
  3 kobolds
  3 rats
60 creatures vanquished.

Vanquished Creatures (collateral kills)
  Terence (D:3)
  A rat (D:2)
2 creatures vanquished.

Grand Total: 62 creatures vanquished

Notes
Turn   | Place    | Note
-------+----------+-------------------------------------------
     0 | D:1      | jlumianski the Demonspawn Fighter began the quest for the
                  | Orb.
     0 | D:1      | Reached XP level 1. HP: 18/18 MP: 1/1
   199 | D:1      | Found Ridwim's Antique Armour Boutique.
   226 | D:2      | Gained mutation: A weak demonic guardian rushes to your
                  | aid. [demonic ancestry]
   226 | D:2      | Reached XP level 2. HP: 24/24 MP: 2/2
   870 | D:3      | Found an iron altar of Okawaru.
   951 | D:3      | Noticed Natasha
  1000 | D:2      | Discovered your monstrous ancestry.
  1000 | D:2      | Gained mutation: You have a pair of small horns on your
                  | head. [demonic ancestry]
  1000 | D:2      | Reached XP level 3. HP: 29/29 MP: 3/3
  1744 | D:3      | Killed Natasha
  1745 | D:3      | Gained mutation: You have large cloven feet. [demonic
                  | ancestry]
  1745 | D:3      | Reached XP level 4. HP: 23/35 MP: 4/4
  1754 | D:3      | Noticed Terence
  1760 | D:3      | Killed Terence
  2004 | D:4      | Reached XP level 5. HP: 41/41 MP: 5/5
  2014 | D:3      | Noticed Jessica
  2018 | D:3      | Killed Jessica
  2343 | D:3      | Found an opulent altar of Gozag.
  2649 | D:5      | Entered Level 5 of the Dungeon
  2764 | D:5      | Noticed Edmund
  2882 | D:4      | Identified a scroll of acquirement
  2882 | D:4      | Acquired 1032 gold pieces
  2929 | D:6      | Found a staircase to the Ecumenical Temple.
  2947 | D:6      | Noticed a phantom
  2978 | D:6      | Killed a phantom
  2979 | D:6      | Gained mutation: You may rarely emit foul miasma when
                  | damaged in melee. [demonic ancestry]
  2979 | D:6      | Reached XP level 6. HP: 44/48 MP: 6/6
  3010 | Temple   | Entered the Ecumenical Temple
  3322 | D:5      | Slain by an ogre

Illustrated notes

Levels and vault maps discovered:
D:1:      wander_arrival_chamber, layout_loops_ring, serial_shops,
          nicolae_diamond_shop, hangedman_decor_peaks_small
D:2:      layout_basic, nicolae_figureground_sparkle
D:3:      layout_basic, lemuel_coloured_pillars_altar,
          okawaru_ov_weapons_minmay, uniq_jessica, uniq_natasha, uniq_terence
D:4:      layout_gridville
D:5:      layout_rooms, saegor_snake_ambush, uniq_blork_the_orc, uniq_edmund
D:6:      layout_cave_pods, mainiacjoe_overflow_six_doors_small,
          minmay_temple_entry_statues, grunt_ministairs_9,
          chequers_serial_rivers_large_a
Temple:   minmay_temple_curvy_branch

Skill      XL: |  1  2  3  4  5 |
---------------+----------------+-----
Axes           | 2 3 4 |  4.5
Armour         | 3 4 |  4.3
Shields        | 3 |  3.1
Fighting       | |  3.9
Dodging        | |  0.3
Stealth        | |  0.1

Action                   |  1- 3 |  4- 6 || total
-------------------------+-------+-------++-------
Melee: War axe           |   102 |    66 ||   168
       Headbutt          |     5 |     6 ||    11
       Kick              |       |    12 ||    12
  Use: Scroll            |     6 |     2 ||     8
       Potion            |     1 |     2 ||     3
Armor: Scale mail        |    52 |    19 ||    71
       Chain mail        |       |    12 ||    12
Dodge: Dodged            |    53 |    28 ||    81
Block: Buckler           |    18 |    14 ||    32

Table legend: (Time is in decaauts)
 A = Elapsed time spent in this place.
 B = Non-inter-level travel time spent in this place.
 C = Inter-level travel time spent in this place.
 D = Time resting spent in this place.
 E = Time spent auto-exploring this place.
 F = Levels seen in this place.
 G = Mean time per level.
                   A        B        C        D        E       F      G
               +--------+--------+--------+--------+--------+-----+--------+
         Total |   3411 |   3292 |    119 |     98 |   2076 |   7 |  487.3 |
       Dungeon |   3130 |   3011 |    119 |     98 |   1803 |   6 |  521.7 |
        Temple |    280 |    280 |      0 |      0 |    273 |   1 |  280.0 |
               +--------+--------+--------+--------+--------+-----+--------+

Top non-repeatable levels by time:
     D:2: 1012 daAuts
     D:1: 752 daAuts
     D:3: 706 daAuts
     D:4: 471 daAuts
  Temple: 280 daAuts
     D:5: 93 daAuts
     D:6: 92 daAuts
